 Dungeon Crawl Stone Soup version 0.29-a0-322-g68df515428 (webtiles) character file.

Game seed: 11944613361739992674

988 horus123 the Frost Mage (level 7, -2/48 (50) HPs)
             Began as a Demigod Ice Elementalist on Apr 7, 2022.
             Slain by a wight
             ... wielding a +3 dagger
              (6 damage)
             ... on level 7 of the Dungeon.
             The game lasted 00:13:30 (6103 turns).

horus123 the Frost Mage (Demigod Ice Elementalist)  Turns: 6103, Time: 00:13:30

HP:   -2/48 (50)    AC: 12    Str:  9    XL:     7   Next: 65%
MP:   9/16          EV: 12    Int: 31    God:
Gold: 184           SH:  0    Dex: 14    Spells: 7/14 levels left

rFire   . . .      SeeInvis .   p - +3 falchion
rCold   . . .      Faith    .   (no shield)
rNeg    . . .      Spirit   .   a - +1 robe
rPois   .          Reflect  .   (no helmet)
rElec   .          Harm     .   (no cloak)
rCorr   .          Rampage  .   (no gloves)
Will    +....                   (no boots)
Stlth   ++........              (no amulet)
HPRegen 0.16/turn               b - +6 ring of intelligence
MPRegen 0.15/turn               e - ring of willpower

@: ice-armoured, freezing walls, lightly drained
A: high MP 1, forlorn, divine attributes
a: no special abilities


You were on level 7 of the Dungeon.
You visited 1 branch of the dungeon, and saw 7 of its levels.

You collected 184 gold pieces.

Inventory:

Hand Weapons
 k - a +0 rapier
 p - a +3 falchion (weapon)
Missiles
 c - 8 poisoned darts
 n - 5 atropa-tipped darts
Armour
 a - a +1 robe (worn)
 q - a +2 leather armour
Jewellery
 b - a +6 ring of intelligence (left hand)
 d - a ring of fire
 e - a ring of willpower (right hand)
 h - a +4 ring of protection
 z - a ring of fire
Scrolls
 f - 4 scrolls of teleportation
 g - a scroll of immolation
 i - 2 scrolls of magic mapping
 t - a scroll of noise {unknown}
 v - a scroll of fog {unknown}
 y - a scroll of identify
Potions
 j - 3 potions of flight
 s - a potion of attraction
 w - a potion of lignification {unknown}


   Skills:
 - Level 1.7 Dodging
 - Level 1.7 Stealth
 - Level 4.0 Spellcasting
 + Level 2.0 Conjurations
 - Level 8.0 Ice Magic


You had 7 spell levels left.
You knew the following spells:

 Your Spells              Type           Power      Damage    Failure   Level
a - Freeze                Ice            100%       1d11      1%          1
b - Frozen Ramparts       Ice            100%       1d12      1%          3
c - Ozocubu's Armour      Ice            54%        N/A       1%          3

Your spell library contained the following spells:

 Spells                   Type           Power      Damage    Failure   Level
 Summon Small Mammal      Summ           24%        N/A       6%          1
 Hailstorm                Conj/Ice       37%        3d9       8%          4
 Call Canine Familiar     Summ           6%         N/A       19%         3
 Summon Guardian Golem    Hex/Summ       6%         N/A       19%         3
 Iskenderun's Battlesphe  Conj           19%        2d7       58%         5
 Iron Shot                Conj/Erth      6%         9d2       99%         6
 Spellforged Servitor     Conj/Summ      6%         N/A       100%        7


Dungeon Overview and Level Annotations

Branches:
Dungeon (8/15)             Temple (0/1) D:7
   Lair: D:8-11

Shops:
D:1 :   D:7 *


Innate Abilities, Weirdness & Mutations

You have an increased reservoir of magic. (+10% MP)
You shall have no god before yourself.
Your divine heritage dramatically boosts your attributes as you level up.


Message History

The wight completely resists.
The wall freezes the wight but does no damage.
The wight hits you with a +0 mace.
* * * LOW HITPOINT WARNING * * *
The wight resists.
The wall freezes the wight.
The wight misses you.
The wight completely resists.
The wall freezes the wight but does no damage.
The wight barely misses you.
The wight resists.
The wall freezes the wight.
The wight hits you but does no damage.
Okay, then.
You closely miss the wight.
The wight is severely damaged.
The wight completely resists.
The wall freezes the wight but does no damage.
The wight barely misses you.
The wight completely resists.
The wall freezes the wight but does no damage.
The wight closely misses you.
You barely miss the wight.
The wight is severely damaged.
The wight resists.
The wall freezes the wight.
The wight hits you but does no damage.
The wight resists.
The wall freezes the wight.
The wight hits you with a +3 dagger.
* * * LOW HITPOINT WARNING * * *
You feel drained.
* * * LOW HITPOINT WARNING * * *
You barely miss the wight.
The wight is severely damaged.
The wight resists.
The wall freezes the wight.
The wight barely misses you.
The wight completely resists.
The wall freezes the wight but does no damage.
The wight hits you but does no damage.
The wight completely resists.
The wall freezes the wight but does no damage.
The wight misses you.
The wight resists.
The wall freezes the wight.
The wight closely misses you.
You closely miss the wight.
The wight is almost destroyed.
The wight resists.
The wall freezes the wight.
The wight barely misses you.
The wight resists.
The wall freezes the wight.
The wight hits you with a +3 dagger.
You die...

## # .# #. .# #
#.# .#
#.....#####.###
#.♣.♣.##......
#..>...#.##z#
#.♣.♣....z@.#
#......#.####
.##.#.##.#
.#.##.(.#.#.#
.........###.#
##.####.#.# ##
#.##.#
######### #.#
## #.......#
#.# #.#####.#


You could see 2 wights.

Vanquished Creatures
  Grinder (D:3)
  An orc warrior (D:7)
  An ice beast (D:7)
  An ogre (D:4)
  A bullfrog (D:7)
  A wight (D:7)
  A hound (D:7)
  An iguana (D:4)
  4 gnolls (D:4)
  12 adders
  2 shadow imps (D:7)
  A white imp (D:7)
  An ufetubus (D:7)
  A worm (D:3)
  3 dart slugs
  7 orcs
  5 endoplasms
  A giant cockroach (D:4)
  6 goblins
  10 hobgoblins
  7 jackals
  4 quokkas
  15 ball pythons
  A bat (D:2)
  A frilled lizard (D:1)
  7 kobolds
  4 rats
100 creatures vanquished.

Vanquished Creatures (collateral kills)
  A centaur (D:8)
1 creature vanquished.

Grand Total: 101 creatures vanquished

Notes
Turn   | Place    | Note
-------+----------+-------------------------------------------
     0 | D:1      | horus123 the Demigod Ice Elementalist began the quest for
                  | the Orb.
     0 | D:1      | Reached XP level 1. HP: 14/14 MP: 5/5
   434 | D:1      | Reached XP level 2. HP: 20/20 MP: 6/8
   922 | D:1      | Reached XP level 3. HP: 23/26 MP: 5/10
   926 | D:1      | Learned a level 3 spell: Frozen Ramparts
   930 | D:1      | Learned a level 3 spell: Ozocubu's Armour
   964 | D:1      | Found Miuhoefo's Book Emporium.
  1764 | D:2      | Reached XP level 4. HP: 33/33 MP: 7/12
  2271 | D:3      | Reached skill level 4 in Ice Magic
  2719 | D:3      | Reached XP level 5. HP: 38/38 MP: 11/14
  3120 | D:3      | Noticed Grinder
  3142 | D:3      | Paralysed by Grinder for 7 turns
  3153 | D:3      | Killed Grinder
  3154 | D:3      | Reached skill level 5 in Ice Magic
  3154 | D:3      | Reached XP level 6. HP: 21/45 MP: 10/15
  3340 | D:3      | Reached skill level 6 in Ice Magic
  4147 | D:4      | You fall into a shaft and drop 3 floors!
  4147 | D:7      | Found Zudocuh's Assorted Antiques.
  4275 | D:8      | Reached skill level 7 in Ice Magic
  4275 | D:8      | Reached XP level 7. HP: 10/50 MP: 16/16
  5865 | D:7      | Reached skill level 8 in Ice Magic
  5865 | D:7      | Reached skill level 1 in Conjurations
  6073 | D:7      | Found a staircase to the Ecumenical Temple.
  6103 | D:7      | Slain by a wight

Illustrated notes

Levels and vault maps discovered:
D:1:      minmay_arrival_loop, layout_rooms, serial_shops, nicolae_square_shop,
          bh_walls_and_bars
D:2:      layout_loops_corners, serial_glass, glass_columns_c, glass_columns_a,
          dreamdust_ecumenical_altar_statues, minmay_misc_feat_encased,
          uniq_crazy_yiuf_cottage
D:3:      layout_basic, minmay_fountain_box, uniq_grinder
D:4:      layout_loops_ring, nicolae_wu_jian_glorious_leap,
          kennysheep_generic_room_5
D:6:      nicolae_whirlpool, layout_cave_pools, minmay_diced_spiral
D:7:      layout_loops_corners, minmay_temple_entry_trees, serial_shops,
          nicolae_take_the_stairs, chequers_serial_rivers_large_b
D:8:      layout_basic

Skill      XL: |  1  2  3  4  5  6  7 |
---------------+----------------------+-----
Spellcasting   | 2 3 4 |  4.0
Ice Magic      | 4 5 7 8 |  8.0
Conjurations   | 2 |  2.0
Dodging        | |  1.7
Stealth        | |  1.7

Action                   |  1- 3 |  4- 6 |  7- 9 || total
-------------------------+-------+-------+-------++-------
Melee: Mace              |     6 |       |       ||     6
       Rapier            |     4 |     2 |       ||     6
       Falchion          |       |    38 |    42 ||    80
       Dagger            |       |     9 |       ||     9
 Cast: Freeze            |    66 |    76 |    18 ||   160
       Frozen Ramparts   |     2 |     5 |     7 ||    14
       Ozocubu's Armour  |       |     1 |     3 ||     4
  Use: Scroll            |       |     7 |     2 ||     9
       Potion            |       |     1 |     4 ||     5
 Stab: Sleeping          |       |     1 |       ||     1
       Invisible         |       |       |     1 ||     1
Armor: Robe              |    16 |    39 |    18 ||    73
Dodge: Dodged            |    58 |    71 |    57 ||   186

Table legend: (Time is in decaauts)
 A = Elapsed time spent in this place.
 B = Non-inter-level travel time spent in this place.
 C = Inter-level travel time spent in this place.
 D = Time resting spent in this place.
 E = Time spent auto-exploring this place.
 F = Levels seen in this place.
 G = Mean time per level.
                   A        B        C        D        E       F      G
               +--------+--------+--------+--------+--------+-----+--------+
         Total |   6134 |   6067 |     67 |   1845 |   3279 |   7 |  876.3 |
       Dungeon |   6134 |   6067 |     67 |   1845 |   3279 |   7 |  876.3 |
               +--------+--------+--------+--------+--------+-----+--------+

Top non-repeatable levels by time:
     D:7: 1605 daAuts
     D:1: 1234 daAuts
     D:3: 1143 daAuts
     D:2: 1026 daAuts
     D:4: 753 daAuts
     D:8: 368 daAuts
     D:6: 1 daAuts
